 Dungeon Crawl Stone Soup version 0.21.1-1-g345015fe64 (webtiles) character file.

13374 DildoBatman the Jinx (level 12, -4/91 HPs)
             Began as a Formicid Enchanter on Feb 6, 2018.
             Was an Elder of Sif Muna.
             Slain by Noxor's ghost (10 damage)
             ... on level 12 of the Dungeon.
             The game lasted 00:54:38 (12320 turns).

DildoBatman the Jinx (Formicid Enchanter)          Turns: 12320, Time: 00:54:39

Health: -4/91      AC:  8    Str: 23    XL:     12   Next: 31%
Magic:  22/22      EV: 14    Int: 16    God:    Sif Muna [****..]
Gold:   744        SH:  0    Dex: 11    Spells: 21/25 levels left

rFire    x . .     SeeInvis +   a - +1 short sword (venom)
rCold    . . .     Gourm    .   (no shield)
rNeg     . . .     Faith    .   Q - +1 ring mail "Daafush" {rPois rF- Str+6}
rPois    +         Spirit   .   (helmet unavailable)
rElec    .         Reflect  .   C - +0 cloak
rCorr    .         Harm     .   (no gloves)
MR       +....                  (no boots)
Stlth    ++++......             r - amulet of regeneration
HPRegen  0.65/turn              y - ring of stealth
MPRegen  0.18/turn              u - +1 ring of evasion

@: no status effects
A: permanent stasis, dig shafts and tunnels, four strong arms, antennae 3
a: Dig, Shaft Self, Divine Energy, Channel Magic, Forget Spell, Renounce
Religion


You were on level 12 of the Dungeon.
You worshipped Sif Muna.
Sif Muna was greatly pleased with you.
You were not hungry.

You visited 2 branches of the dungeon, and saw 13 of its levels.
You also visited: Ossuary.

You collected 744 gold pieces.

Inventory:

Hand Weapons
 a - a +1 short sword of venom (weapon)
 b - a +1 quarterstaff of protection
 c - a +0 dagger of flaming
 d - a +0 quarterstaff of freezing
Armour
 h - a +0 shield
 p - a +1 scale mail of cold resistance
 C - a +0 cloak (worn)
 N - the +3 buckler of the Quahog {Str+4 Int-5}
   (You found it on level 9 of the Dungeon)

   It affects your strength (+4).
   It affects your intelligence (-5).
 P - the +0 plate armour of the Hart {rPois Str+5}
   (You found it on level 9 of the Dungeon)

   It affects your strength (+5).
   It protects you from poison.
 Q - the +1 ring mail "Daafush" (worn) {rPois rF- Str+6}
   (You found it on level 10 of the Dungeon)

   It affects your strength (+6).
   It makes you vulnerable to fire.
   It protects you from poison.
 U - a +2 robe of cold resistance
 V - a +0 pair of gloves
Magical Staves
 A - an uncursed staff of power
 M - an uncursed staff of poison
Jewellery
 n - an uncursed ring of ice
 r - an amulet of regeneration (around neck)
 u - a +1 ring of evasion (right hand)
 y - a ring of stealth (left hand)
 R - an uncursed ring of ice
 S - an uncursed ring of wizardry
Wands
 f - a wand of paralysis (39)
 l - a wand of acid (12)
 E - a wand of polymorph (33)
 F - a wand of flame (54)
 K - a wand of iceblast (4)
Scrolls
 i - 2 scrolls of enchant armour {unknown}
 q - 5 scrolls of magic mapping
 t - 6 scrolls of enchant weapon {unknown}
 x - 4 scrolls of remove curse
 z - 6 scrolls of identify
 B - 2 scrolls of fear {unknown}
 G - a scroll of noise {unknown}
 H - a scroll of amnesia {unknown}
 I - a scroll of holy word {unknown}
 T - a scroll of blinking {unknown}
Potions
 e - a potion of degeneration {unknown}
 g - 4 potions of heal wounds
 j - a potion of ambrosia {unknown}
 m - 2 potions of flight
 o - 2 potions of brilliance {unknown}
 s - a potion of cancellation
 D - 2 potions of lignification {unknown}
 J - a potion of agility {unknown}
 L - a potion of might {unknown}
 O - a potion of magic {unknown}
Books
 k - a book of Cantrips

   Spells                             Type                      Level
   a - Confusing Touch                Hexes                        1
   b - Animate Skeleton               Necromancy                   1
   c - Summon Small Mammal            Summoning                    1
   d - Apportation                    Translocation                1
 w - a book of Maledictions

   Spells                             Type                      Level
   a - Corona                         Hexes                        1
   b - Ensorcelled Hibernation        Hexes/Ice                    2
   c - Confuse                        Hexes                        3
   d - Tukima's Dance                 Hexes                        3
   e - Dazzling Spray                 Conjuration/Hexes            3
Comestibles
 v - 18 rations
 W - 13 chunks of flesh


   Skills:
 * Level 7.2 Fighting
 - Level 1.0 Short Blades
 * Level 7.2 Armour
 * Level 5.2 Dodging
 * Level 9.5 Stealth
 - Level 3.0 Shields
 * Level 7.2 Spellcasting
 * Level 14.2 Hexes


You had 21 spell levels left.
You knew the following spells:

 Your Spells              Type           Power        Failure   Level  Hunger
a - Corona                Hex            ######.      1%          1    None
b - Confuse               Hex            ######..     1%          3    ##.....


Dungeon Overview and Level Annotations

Branches:
Dungeon (12/15)            Temple (1/1) D:4
   Lair: D:8-11         Orc: D:9-12

Altars:
Ashenzari
Cheibriados
Dithmenos
Elyvilon
Fedhas
Gozag
Hepliaklqana
Kikubaaqudgha
Makhleb
Nemelex Xobeh
Okawaru
Qazlal
Ru
Sif Muna
Trog
Uskayaw
Vehumet
Wu Jian
Xom
Yredelemnul
The Shining One

Annotations:
D:1 exclusion: electric eel
D:4 2 transporters, tensugalgo's ghost, amateur BaFi
D:8 FortKnight's ghost, novice TrBe
D:9 exclusion: earth elemental, Erolcha
D:12 Noxor's ghost, journeyman VSEn


Innate Abilities, Weirdness & Mutations

You cannot be hasted, slowed, berserked, paralysed or teleported.
You can dig through walls and to a lower floor.
Your four strong arms can wield two-handed weapons with a shield.
You have a pair of large antennae on your head. (SInv)


Message History

Noxor's ghost hits you but does no damage.
It was a potion of flight.
You feel very buoyant.
You fly up into the air.
The two-headed ogre barely misses you.
The two-headed ogre hits you with a giant club!
Noxor's ghost hits you but does no damage.
It was a potion of cancellation.
Your magical effects are unravelling.
You feel magically purged.
You float gracefully downwards.
You feel less confused.
Noxor's ghost points at you and mumbles some strange words.
You fall asleep.
The two-headed ogre misses you.
The two-headed ogre hits you with a giant club!!!
You wake up.
Noxor's ghost hits you.
You are electrocuted!
You die...

##.#####......###
#.# #.#......#
#.# #.#......###
#.# #.#........#
#.# #.#......>.#
#c# #.###.##...#
#x# #.# #.###...
#W# #.# #.# #...
#@# #.# #.# #...
#O# #.# #... #.#
#.# #... #.#
....'... #.#
....#... #.#
..#... #.# #.#


You could see a centaur warrior, a two-headed ogre, an unseen horror (invisible)
and Noxor's ghost.

Vanquished Creatures
  Gastronok (D:8)
  Fannar (D:10)
  2 two-headed ogres
  Nergalle (D:11)
  An ugly thing (D:11)
  Grinder (D:3)
  4 hippogriffs
  2 wraiths (Ossuary)
  4 hogs (D:7)
  10 yaks
  A human (D:7)
  Grum (D:8)
  A water moccasin (D:10)
  An orc warrior (D:12)
  An eye of draining (D:11)
  A hornet zombie (D:7)
  6 ice beasts
  3 ogres
  4 phantoms
  2 sky beasts (D:11)
  2 necrophages (D:8)
  4 wolves (D:8)
  5 centaurs
  4 bullfrogs
  A wyvern zombie (D:10)
  A wyvern skeleton (D:10)
  4 scorpions
  2 wights (Ossuary)
  An electric eel (D:8)
  5 howler monkeys
  A bullfrog zombie (D:11)
  2 centaur zombies
  7 crimson imps
  2 jellies
  6 orc priests
  4 orc wizards
  3 centaur skeletons (D:10)
  6 hounds
  A bullfrog skeleton (D:4)
  3 iguanas
  7 worker ants
  A hound skeleton (D:5)
  A hound zombie (D:5)
  A mummy (D:6)
  2 howler monkey zombies
  2 worker ant zombies
  9 gnolls
  19 adders
  3 shadow imps
  A white imp (D:4)
  3 oozes
  3 adder zombies
  An adder skeleton (D:8)
  4 worms
  2 dart slugs (D:3)
  3 leopard geckos
  55 orcs
  5 giant cockroaches
  9 goblins
  6 hobgoblins
  8 jackals
  6 quokkas
  A ball python (D:3)
  2 ball python skeletons (Ossuary)
  7 bats
  5 frilled lizards
  3 hobgoblin zombies
  5 kobolds
  2 kobold zombies
  2 leopard gecko skeletons (D:5)
  A leopard gecko zombie (D:5)
  2 orc skeletons
  3 orc zombies
  3 quokka skeletons
  A quokka zombie (D:7)
  11 rats
311 creatures vanquished.

Notes
Turn   | Place    | Note
-------+----------+-------------------------------------------
     0 | D:1      | DildoBatman the Formicid Enchanter began the quest for the Orb.
     0 | D:1      | Reached XP level 1. HP: 13/13 MP: 3/3
     4 | D:1      | Noticed an electric eel
    88 | D:1      | Reached skill level 1 in Fighting
   480 | D:1      | Reached XP level 2. HP: 21/21 MP: 3/5
   862 | D:1      | Reached XP level 3. HP: 25/28 MP: 4/6
   867 | D:1      | Learned a level 3 spell: Confuse
  1517 | D:2      | Found an ornate altar of the Wu Jian Council.
  1677 | D:2      | Reached XP level 4. HP: 28/35 MP: 5/7
  1776 | D:2      | Reached skill level 1 in Armour
  2469 | D:3      | Reached XP level 5. HP: 34/41 MP: 6/8
  2510 | D:3      | Found an iron altar of Okawaru.
  2768 | D:3      | Reached XP level 6. HP: 44/47 MP: 7/9
  2778 | D:3      | Found an iron altar of Okawaru.
  2966 | D:3      | Noticed a phantom
  3131 | D:4      | Noticed tensugalgo's ghost (amateur BaFi)
  3146 | D:4      | Noticed Grinder
  3182 | D:4      | Found a glowing golden altar of the Shining One.
  3307 | D:4      | Found a transporter.
  3413 | D:4      | Reached skill level 5 in Stealth
  3413 | D:4      | Reached XP level 7. HP: 38/53 MP: 6/10
  3652 | D:4      | Found a transporter.
  3804 | D:4      | Found a staircase to the Ecumenical Temple.
  3831 | Temple   | Entered the Ecumenical Temple
  3873 | Temple   | Became a worshipper of Sif Muna the Loreminder
  4265 | D:3      | Killed Grinder
  4265 | D:3      | Reached skill level 4 in Hexes
  4339 | D:3      | Reached skill level 5 in Fighting
  4339 | D:3      | Reached skill level 5 in Armour
  4339 | D:3      | Reached XP level 8. HP: 46/62 MP: 8/12
  4431 | D:5      | Entered Level 5 of the Dungeon
  4497 | D:5      | Noticed a hippogriff
  4585 | D:4      | Killed a hippogriff
  4585 | D:4      | Reached skill level 5 in Hexes
  4736 | D:4      | Reached skill level 6 in Hexes
  4778 | D:4      | Reached * piety under Sif Muna
  4857 | D:5      | Reached skill level 7 in Hexes
  4947 | D:5      | Reached skill level 8 in Hexes
  4947 | D:5      | Reached XP level 9. HP: 48/68 MP: 8/15
  5414 | D:6      | Found a sand-covered staircase.
  5651 | Ossuary  | Entered an ossuary
  5863 | Ossuary  | Reached ** piety under Sif Muna
  6010 | Ossuary  | HP: 2/69 [wraith (5)]
  6416 | D:6      | Found a radiant altar of Vehumet.
  6713 | D:6      | Reached skill level 5 in Spellcasting
  6886 | D:7      | Reached skill level 9 in Hexes
  7002 | D:7      | Found a basalt altar of Yredelemnul.
  7247 | D:7      | Reached XP level 10. HP: 76/76 MP: 18/18
  7259 | D:7      | Found a shadowy altar of Dithmenos.
  7708 | D:7      | Reached skill level 10 in Hexes
  7763 | D:7      | Reached *** piety under Sif Muna
  7763 | D:7      | Reached skill level 11 in Hexes
  7849 | D:8      | Noticed Gastronok
  7972 | D:8      | Noticed Grum
  7985 | D:8      | Killed Grum
  8012 | D:8      | Found a shattered altar of Ashenzari.
  8084 | D:8      | Noticed FortKnight's ghost (novice TrBe)
  8261 | D:8      | Found a sacrificial altar of Ru.
  8335 | D:8      | Reached skill level 12 in Hexes
  8467 | D:9      | Got an encrusted buckler
  8476 | D:9      | Identified the +3 buckler of the Quahog {Str+4 Int-5} (You found it on level 9 of the Dungeon)
  8540 | D:9      | Found a shimmering altar of Xom.
  8573 | D:9      | Noticed Erolcha
  8587 | D:9      | Found a stormy altar of Qazlal.
  8600 | D:9      | Got a polished plate armour
  8628 | D:9      | Identified the cursed +0 plate armour of the Hart {rPois Str+5} (You found it on level 9 of the Dungeon)
  9035 | D:8      | Killed Gastronok
  9035 | D:8      | Reached XP level 11. HP: 83/83 MP: 5/20
  9301 | D:8      | Found a hide-covered altar of Uskayaw.
  9301 | D:8      | Found an opulent altar of Gozag.
  9347 | D:10     | Entered Level 10 of the Dungeon
  9512 | D:10     | Got a steaming ring mail
  9559 | D:10     | Reached **** piety under Sif Muna
  9707 | D:10     | Identified the +1 ring mail "Daafush" {rPois rF- Str+6} (You found it on level 10 of the Dungeon)
  9923 | D:10     | Noticed Fannar
 10090 | D:11     | Reached skill level 5 in Dodging
 10198 | D:11     | Noticed a two-headed ogre
 10220 | D:11     | Killed a two-headed ogre
 10240 | D:11     | Noticed Nergalle
 10260 | D:11     | Noticed a spectral orc warlord
 10368 | D:10     | Killed Fannar
 10429 | D:10     | Reached skill level 13 in Hexes
 10572 | D:10     | Noticed a two-headed ogre
 10623 | D:10     | Killed a two-headed ogre
 11179 | D:11     | Noticed a spectral orc warlord
 11179 | D:11     | Noticed a brown ugly thing
 11292 | D:11     | Killed a brown ugly thing
 11463 | D:11     | Reached XP level 12. HP: 91/91 MP: 22/22
 11769 | D:11     | Killed Nergalle
 11956 | D:12     | Reached skill level 14 in Hexes
 12292 | D:12     | Noticed Noxor's ghost (journeyman VSEn)
 12298 | D:12     | Noticed an unseen horror
 12310 | D:12     | Noticed a centaur warrior
 12313 | D:12     | Noticed a two-headed ogre
 12320 | D:12     | Slain by Noxor's ghost

Skill      XL: |  1  2  3  4  5  6  7  8  9 10 11 12 |
---------------+-------------------------------------+-----
Fighting       | 1 2 3 5 6 7 |  7.2
Dodging        | 2 3 4 5 |  5.2
Armour         | 2 3 4 5 6 7 |  7.2
Stealth        | 4 5 6 9 |  9.5
Hexes          | 4 8 9 12 13 14 | 14.2
Spellcasting   | 3 4 5 6 7 |  7.2
Shields        | 2 3 |  3.0
Short Blades   | |  1.0

Action                   |  1- 3 |  4- 6 |  7- 9 | 10-12 || total
-------------------------+-------+-------+-------+-------++-------
Melee: Dagger            |   116 |   216 |       |       ||   332
       Short sword       |       |   104 |   644 |   774 ||  1522
       Mace              |       |       |     2 |       ||     2
       Quarterstaff      |       |       |       |    38 ||    38
 Cast: Corona            |    26 |    47 |    73 |    36 ||   182
       Confuse           |     1 |     2 |    21 |    86 ||   110
 Abil: Dig               |     1 |     4 |    11 |    14 ||    30
  Use: Scroll            |       |       |     6 |     2 ||     8
       Potion            |       |       |       |     3 ||     3
 Stab: Sleeping          |     4 |     4 |    10 |     7 ||    25
       Distracted        |     1 |       |       |       ||     1
       Confused          |       |       |    14 |    37 ||    51
  Eat: Chunk             |     3 |     8 |    14 |    17 ||    42
       Ration            |       |       |     1 |     2 ||     3
Armor: Ring mail         |    30 |    91 |   141 |    98 ||   360
       Scale mail        |       |       |    87 |   108 ||   195
       Plate armour      |       |       |       |   132 ||   132
Dodge: Dodged            |    46 |   168 |   366 |   414 ||   994
Block: Shield            |       |       |    20 |       ||    20
       Buckler           |       |       |       |     3 ||     3
